 Dungeon Crawl Stone Soup version 0.28-a0-233-gb8ca4b6547 (webtiles) character file.

Game seed: 10211624743983478728

68261 Shayle the Fighter (level 15, -5/114 HPs)
             Began as a Djinni Ice Elementalist on Aug 22, 2021.
             Was the Champion of Makhleb.
             Slain by Rupert (14 damage)
             ... on level 14 of the Dungeon.
             The game lasted 01:54:23 (24291 turns).

Shayle the Fighter (Djinni Ice Elementalist)       Turns: 24291, Time: 01:54:27

Health: -5/114     AC: 17    Str:  7    XL:     15   Next: 69%
Gold:   2391       EV: 21    Int: 21    God:    Makhleb [******] SH:  0 Dex: 16

rFire   + + +      SeeInvis +   f - +9 lajatang (vamp)
rCold   . . .      Faith    .   (shield currently unavailable)
rNeg    + . .      Spirit   .   N - +0 acid dragon scales
rPois   ∞          Reflect  .   i - +1 helmet "Ludo" {+Inv rN+ SInv}
rElec   .          Harm     .   H - scarf {rC+ rF+}
rCorr   +          Rampage  .   y - +2 pair of gloves {Stlth+}
Will    +....                   (boots unavailable)
Stlth   +++.......              d - amulet of regeneration
HPRegen 1.29/turn               L - +4 ring of evasion
MPRegen 0.00/turn               U - +4 ring of protection

@: flying, studying Long Blades
A: sickness immunity, fire resistance 2, cold vulnerability 1, float, innate
caster, hp casting, extra vitality 1
a: Renounce Religion, Evoke Invisibility, Minor Destruction, Lesser Servant of
Makhleb, Major Destruction, Greater Servant of Makhleb


You were on level 14 of the Dungeon.
You worshipped Makhleb.
Makhleb was exalted by your worship.
You visited 4 branches of the dungeon, and saw 23 of its levels.

You collected 3335 gold pieces.
You spent 944 gold pieces at shops.

Inventory:

Hand Weapons
 e - a +5 trident
 f - a +9 vampiric lajatang (weapon)
 k - a +2 short sword of flaming
 C - a +3 trident of venom
 G - the +7 broad axe of Accord {drain, Fly}
   (You took it off an orc priest on level 8 of the Dungeon)

   A truly terrible weapon, it drains the life of any living foe it strikes.
   Fly:       It grants you flight.
Missiles
 D - 5 throwing nets (quivered)
Armour
 g - a +2 helmet
 i - the +1 helmet "Ludo" (worn) {+Inv rN+ SInv}
   (You found it on level 6 of the Lair of Beasts)

   rN:        It protects you from negative energy.
   SInv:      It lets you see invisible.
   +Inv:      It lets you turn invisible.
 u - a +2 buckler
 y - a +2 pair of gloves of stealth (worn)
 E - a +0 troll leather armour
 H - a scarf of resistance (worn)
 N - +0 acid dragon scales (worn)
 Q - a +1 robe of cold resistance
Jewellery
 c - a +4 ring of protection
 d - an amulet of regeneration (around neck)
 q - a ring of protection from cold
 w - the ring of Woypnic {rElec rCorr Int+2}
   (You bought it in a shop on level 2 of the Orcish Mines)

   [ring of resist corrosion]

   Int:       It affects your intelligence (+2).
   rElec:     It insulates you from electricity.
   rCorr:     It protects you from acid and corrosion.
 I - an amulet of reflection
 L - a +4 ring of evasion (left hand)
 S - a ring of wizardry
 U - a +4 ring of protection (right hand)
 W - an amulet of faith
Wands
 a - a wand of charming (22)
 M - a wand of flame (14)
 T - a wand of paralysis (9)
 X - a wand of iceblast (5)
Scrolls
 b - a scroll of immolation
 j - 12 scrolls of identify
 l - 2 scrolls of torment {unknown}
 m - a scroll of silence
 n - 2 scrolls of fear
 o - a scroll of fog
 v - 5 scrolls of magic mapping
 F - 8 scrolls of teleportation
Potions
 h - 3 potions of mutation
 p - 3 potions of might
 s - 3 potions of cancellation
 x - 2 potions of resistance
 z - 2 potions of ambrosia
 A - a potion of berserk rage
 J - 2 potions of curing
 P - a potion of brilliance {unknown}
 V - a potion of lignification {unknown}
 Y - 2 potions of haste {unknown}


   Skills:
 + Level 13.0 Fighting
 + Level 8.8 Staves
 + Level 7.7 Armour
 + Level 12.9 Dodging
 - Level 1.5 Stealth
 - Level 4.0 Shields
 + Level 9.9 Spellcasting
 + Level 9.8 Invocations


You couldn't memorise any spells.
You knew the following spells:

 Your Spells              Type           Power      Damage    Failure   Level
a - Freeze                Ice            100%       1d11      1%          1
b - Frozen Ramparts       Ice            100%       1d12      1%          3
c - Ozocubu's Armour      Ice            51%        N/A       1%          3
d - Hailstorm             Conj/Ice       51%        3d11      1%          4
e - Pain                  Necr           100%       1d9       1%          1
f - Blink                 Tloc           N/A        N/A       1%          2
g - Inner Flame           Hex/Fire       51%        N/A       1%          3
h - Call Canine Familiar  Summ           51%        N/A       1%          3
i - Animate Dead          Necr           25%        N/A       1%          4
j - Yara's Violent Unrav  Hex/Tmut       25%        3d11      4%          5
k - Conjure Ball Lightni  Conj/Air       25%        3x3d7     28%         6
Your spell library was empty.

Dungeon Overview and Level Annotations

Branches:
Dungeon (14/15)            Temple (1/1) D:5            Lair (6/6) D:11
  Swamp (0/4) Lair:4       Spider (0/4) Lair:4        Slime (0/5) Lair:6
    Orc (2/2) D:12            Elf (0/3) Orc:2        Vaults (0/5) D:14

Altars:
Ashenzari
Cheibriados
Dithmenos
Elyvilon
Fedhas
Gozag
Hepliaklqana
Kikubaaqudgha
Makhleb
Nemelex Xobeh
Okawaru
Qazlal
Ru
Sif Muna
Trog
Uskayaw
Vehumet
Wu Jian
Xom
Yredelemnul
Zin
The Shining One
Jiyva

Shops:
D:5 *   Orc:1 *   Orc:2 [=?*

Annotations:
D:6 1 runed translucent door, gregwegmann's ghost, novice OgHu
D:14 Nessos; Rupert; Urug
Orc:1 3 runed translucent doors, Rachuaq's ghost, adept GnSk


Innate Abilities, Weirdness & Mutations

You are immune to sickness and miasma.
You are immune to poison.
Your flesh is very heat resistant. (rF++)
You are vulnerable to cold. (rC-)
You float through the air rather than walking.
You learn spells naturally, not from books.
Your magical power is your life essence.
You have superior vitality. (+4 HP)


Message History

You hear a zap.
You hear a grinding noise.
Your human zombie closely misses Rupert.
Your human zombie hits Rupert.
You hit Rupert but do no damage.
Rupert is heavily wounded.
The wall freezes Rupert.
Rupert closely misses you.
The wall freezes Rupert.
Rupert closely misses you.
Your human zombie barely misses Rupert. x2
Unknown command.
You hit Rupert.
Rupert is heavily wounded.
The wall freezes Rupert.
Rupert completely misses you.
Your human zombie hits Rupert.
Your human zombie barely misses Rupert.
Unknown command.
You catch the helpless Rupert completely off-guard!
You slash Rupert!
You feel better.
Rupert is heavily wounded.
The wall freezes Rupert but does no damage.
Rupert hits you with a +2 great sword of electrocution!!
You are electrocuted!!
The wall freezes Rupert.
Rupert hits you with a +2 great sword of electrocution!!
* * * LOW HITPOINT WARNING * * *
You are electrocuted!
* * * LOW HITPOINT WARNING * * *
You feel better.
The frozen ramparts melt away.
Rupert completely misses you.
Your human zombie hits Rupert. x2
Unknown command.
Aiming: Paralyse
Press: ? - help, Shift-Dir - straight line, f - Rupert, p - human zombie
Aim: Rupert, wielding a +2 great sword of electrocution and wearing a +0 scale mail (severely wounded, berserk, ally target, chance to affect: 1%)
Okay, then.
Okay, then.
Okay, then.
You feel better.
Rupert hits your human zombie with a +2 great sword of electrocution!!!
Your human zombie is destroyed!
Your human zombie barely misses Rupert.
Rupert hits you with a +2 great sword of electrocution!!
* * * LOW HITPOINT WARNING * * *
You are electrocuted!
You die...

#.#* *#.........**,,,,, #$*
*.......#****,,,, *,* *#......##
*,,,* * *,* #.......###*,,,* **
*,* #..........,,,** ,** *,*
##.........,,,,* ,,** #,**
#.Z....####,,,** *,,** #.,*
##@....## ***** **,,**##..**
##@###### **,,.#....####).# *
*,,.....)......#***************
**,...........##**,**,,,,,*****
***,,..##########******,,,,******
,,,,,,** ***,,,,,**************,
,,,,,** **,*,,,,,***************
****** **,,*,,,,,**************,
**,,,*,,,,,**********,,***


You could see Rupert (berserk, ally target) and a friendly human zombie (inner
flame).

Vanquished Creatures
  Snorg (Lair:3)
  Josephine (Lair:5)
  Harold (D:9)
  4 hydras
  2 centaur warriors
  2 boulder beetles (D:11)
  5 two-headed ogres
  A deep troll shaman (Lair:6)
  10 death yaks
  An orc high priest (Orc:1)
  Nergalle (Lair:4)
  A bog body (Lair:4)
  A deep elf pyromancer (D:14)
  5 orc sorcerers (Orc:1)
  3 ugly things
  3 manticores
  2 cyclopes
  9 elephants
  2 black mambas (Lair:4)
  3 gargoyles (D:12)
  2 molten gargoyles (Lair:3)
  11 cane toads
  An unseen horror (D:11)
  3 rime drakes
  6 komodo dragons
  6 trolls
  A merfolk (D:8)
  A dream sheep (Lair:5)
  Grinder (D:3)
  7 blink frogs (Lair:6)
  8 slime creatures
  A shadow (D:11)
  5 wyverns
  46 yaks
  2 basilisks
  2 vampires
  5 humans
  4 wraiths
  A hog (D:8)
  8 vampire mosquitoes
  3 swamp worms (Lair:4)
  2 wargs (Orc:1)
  3 acid dragons
  6 water moccasins
  2 ice beasts (D:5)
  A sky beast (D:7)
  8 black bears
  32 orc warriors
  10 wolves
  14 ogres
  5 centaurs
  A necrophage (D:6)
  A phantom (D:6)
  5 kobold brigands
  19 bullfrogs
  2 gnoll sergeants
  2 wyvern skeletons (D:7)
  8 killer bees (D:10)
  9 wights
  10 electric eels
  3 centaur zombies
  8 howler monkeys
  A jelly (D:6)
  5 lava snakes (Lair:3)
  9 hounds
  A centaur skeleton (D:4)
  A gnoll shaman (D:5)
  28 orc priests
  4 iguanas
  29 orc wizards
  A hound skeleton (D:4)
  Robin (D:2)
  5 adders
  18 gnolls
  A shadow imp (D:7)
  A white imp (D:5)
  An ufetubus (D:5)
  An adder skeleton (D:4)
  A worm (Lair:4)
  4 dart slugs
  80 orcs
  2 bat zombies (D:7)
  10 endoplasms
  5 giant cockroaches
  12 goblins
  20 hobgoblins
  10 jackals
  6 quokkas
  7 ball pythons
  3 bats
  A frilled lizard (D:1)
  11 kobolds
  2 rats
  A bush (D:8)
615 creatures vanquished.

Vanquished Creatures (collateral kills)
  Saint Roka (Orc:2)
  A catoblepas (Lair:6)
  2 hydras
  A death yak (Lair:6)
  A bog body (Lair:4)
  An orc sorcerer (Orc:2)
  A rime drake (Lair:3)
  A polar bear (Lair:6)
  3 dream sheep (Lair:5)
  3 wyverns
  A yak (D:8)
  A wraith (Lair:5)
  An orc warrior (Orc:1)
  A black bear (D:8)
  2 wolves (Lair:6)
  3 scorpions (Lair:4)
  3 electric eels
  A howler monkey (D:6)
  An orc priest (D:10)
  An orc wizard (D:8)
  A howler monkey zombie (D:6)
  A howler monkey skeleton (D:6)
  A gnoll (D:6)
  2 worms (Lair:4)
  4 orcs
  2 hobgoblins (D:6)
  A kobold (D:6)
  3 ball lightnings
45 creatures vanquished.

Vanquished Creatures (others)
  70 ball lightnings
  17 fungi
  58 plants
145 creatures vanquished.

Grand Total: 805 creatures vanquished

Notes
Turn   | Place    | Note
-------+----------+-------------------------------------------
     0 | D:1      | Shayle the Djinni Ice Elementalist began the quest for the
                  | Orb.
     0 | D:1      | Reached XP level 1. HP: 15/15 MP: 0/0
   259 | D:1      | Reached XP level 2. HP: 15/22 MP: 0/0
   261 | D:1      | Reached skill level 1 in Fighting
   686 | D:1      | Found a faded altar of an unknown god.
  1043 | D:1      | Reached XP level 3. HP: 24/27 MP: 0/0
  1043 | D:1      | Learned a level 1 spell: Pain
  1504 | D:2      | Reached skill level 2 in Fighting
  1511 | D:2      | Noticed Robin
  1540 | D:2      | Reached XP level 4. HP: 26/33 MP: 0/0
  1543 | D:2      | Killed Robin
  1720 | D:2      | You are sucked into a shaft and drop 2 floors!
  1720 | D:4      | Noticed a bullfrog
  1730 | D:4      | Killed a bullfrog
  1731 | D:4      | Reached skill level 3 in Fighting
  1731 | D:4      | Reached XP level 5. HP: 38/40 MP: 0/0
  1731 | D:4      | Learned a level 2 spell: Blink
  1738 | D:4      | Noticed a centaur
  1747 | D:4      | Killed a centaur
  1748 | D:4      | Reached XP level 6. HP: 22/47 MP: 0/0
  1844 | D:4      | Reached skill level 4 in Fighting
  1958 | D:3      | Noticed Grinder
  2883 | D:3      | Found a shimmering altar of Xom.
  2883 | D:3      | Found a blossoming altar of Fedhas.
  2898 | D:3      | Found a white marble altar of Elyvilon.
  2993 | D:3      | Paralysed by Grinder for 6 turns
  3018 | D:3      | Paralysed by Grinder for 6 turns
  3039 | D:3      | Killed Grinder
  3040 | D:3      | Reached skill level 5 in Fighting
  3040 | D:3      | Reached XP level 7. HP: 46/54 MP: 0/0
  3040 | D:3      | Learned a level 3 spell: Inner Flame
  3184 | D:3      | Found an opulent altar of Gozag.
  3184 | D:3      | Found a sparkling altar of Nemelex Xobeh.
  3734 | D:4      | Found a sacrificial altar of Ru.
  4028 | D:4      | Reached XP level 8. HP: 24/61 MP: 0/0
  4157 | D:5      | Entered Level 5 of the Dungeon
  4162 | D:4      | Reached skill level 5 in Dodging
  4177 | D:5      | Reached skill level 6 in Fighting
  4268 | D:5      | Found a staircase to the Ecumenical Temple.
  4413 | Temple   | Entered the Ecumenical Temple
  4560 | D:5      | Reached skill level 5 in Spellcasting
  4675 | D:5      | Reached skill level 7 in Fighting
  4699 | D:5      | Reached XP level 9. HP: 63/68 MP: 0/0
  4699 | D:5      | Learned a level 3 spell: Call Canine Familiar
  4851 | D:5      | Found Tarub's General Store.
  5374 | D:6      | Reached skill level 8 in Fighting
  5465 | D:6      | Found a broken altar of Ashenzari.
  5485 | D:6      | Found a runed translucent door.
  5493 | D:6      | Noticed gregwegmann's ghost (novice OgHu)
  5861 | D:6      | Reached skill level 1 in Shields
  6288 | D:6      | Reached XP level 10. HP: 77/77 MP: 0/0
  6827 | D:8      | Reached skill level 9 in Fighting
  7449 | D:7      | Found a hide-covered altar of Uskayaw.
  7449 | D:7      | Found a burning altar of Makhleb.
  7457 | D:7      | Found a faded altar of an unknown god.
  7460 | D:7      | Became a worshipper of Makhleb the Destroyer
  7464 | D:7      | Found a faded altar of an unknown god.
  7466 | D:7      | Found a snail-covered altar of Cheibriados.
  8117 | D:8      | Reached skill level 1 in Invocations
  8291 | D:8      | Identified a scroll of acquirement
  8294 | D:8      | Acquired a +2 vampiric lajatang
  8757 | D:8      | Found a sparkling altar of Nemelex Xobeh.
  8800 | D:8      | Noticed a two-headed ogre
  9016 | D:8      | Noticed a two-headed ogre
  9023 | D:8      | Killed a two-headed ogre
  9024 | D:8      | Reached skill level 1 in Staves
  9136 | D:8      | Killed a two-headed ogre
  9137 | D:8      | Reached XP level 11. HP: 81/85 MP: 0/0
  9137 | D:8      | Learned a level 4 spell: Animate Dead
  9203 | D:8      | Reached * piety under Makhleb
  9253 | D:8      | Noticed a manticore
  9264 | D:8      | Killed a manticore
  9276 | D:8      | Reached skill level 10 in Fighting
  9328 | D:8      | Noticed a manticore
  9703 | D:8      | Identified the +7 broad axe of Accord {drain, Fly}
  9842 | D:8      | Killed a manticore
 10530 | D:9      | Noticed Harold
 10547 | D:9      | Killed Harold
 10632 | D:9      | Reached ** piety under Makhleb
 10924 | D:9      | Noticed a two-headed ogre
 10932 | D:9      | Killed a two-headed ogre
 10933 | D:9      | Reached skill level 5 in Invocations
 10933 | D:9      | Reached XP level 12. HP: 92/92 MP: 0/0
 11403 | D:10     | Entered Level 10 of the Dungeon
 11403 | D:10     | Noticed a two-headed ogre
 11429 | D:9      | Killed a two-headed ogre
 11664 | D:10     | Reached skill level 10 in Dodging
 11879 | D:10     | Found a shadowy altar of Dithmenos.
 11937 | D:10     | Noticed a two-headed ogre
 11944 | D:10     | Killed a two-headed ogre
 12232 | D:11     | Reached skill level 5 in Staves
 12287 | D:11     | Reached *** piety under Makhleb
 12392 | D:11     | Noticed a boulder beetle
 12416 | D:11     | Killed a boulder beetle
 12417 | D:11     | Reached skill level 1 in Armour
 12453 | D:11     | Reached skill level 11 in Fighting
 12767 | D:11     | Noticed a boulder beetle
 12793 | D:11     | Killed a boulder beetle
 12847 | D:11     | Found an ornate altar of the Wu Jian Council.
 13037 | D:11     | Found a staircase to the Lair.
 13049 | Lair:1   | Entered Level 1 of the Lair of Beasts
 13211 | Lair:1   | Noticed a six-headed hydra
 13223 | Lair:1   | Killed a six-headed hydra
 13355 | Lair:1   | Identified the +7 trident of Remmewn {antimagic, Will+
                  | Int-5 Dex+2}
 14088 | Lair:2   | Reached XP level 13. HP: 99/99 MP: 0/0
 14088 | Lair:2   | Learned a level 5 spell: Yara's Violent Unravelling
 14314 | Lair:2   | Noticed a seven-headed hydra
 14332 | Lair:2   | Killed a seven-headed hydra
 14448 | Lair:2   | Noticed a four-headed hydra
 14466 | Lair:2   | Killed a four-headed hydra
 14762 | Lair:2   | Reached **** piety under Makhleb
 15139 | Lair:3   | Noticed Snorg
 15160 | Lair:3   | Killed Snorg
 16025 | Lair:4   | Noticed Nergalle
 16034 | Lair:4   | Killed Nergalle
 16074 | Lair:4   | Found a hole to the Spider Nest.
 16953 | Lair:4   | Found a staircase to the Swamp.
 17179 | Lair:5   | Reached XP level 14. HP: 97/106 MP: 0/0
 17180 | Lair:5   | Reached skill level 5 in Armour
 17240 | Lair:5   | Reached skill level 12 in Fighting
 18260 | Lair:6   | Entered Level 6 of the Lair of Beasts
 18276 | Lair:6   | Found a viscous altar of Jiyva.
 18277 | Lair:6   | Found a staircase to the Slime Pits.
 18488 | Lair:6   | Noticed Josephine
 18510 | Lair:5   | Killed Josephine
 18738 | Lair:6   | Reached ***** piety under Makhleb
 18843 | Lair:6   | Identified the +1 helmet "Ludo" {+Inv rN+ SInv}
 19937 | D:12     | Reached XP level 15. HP: 111/113 MP: 0/0
 19937 | D:12     | Learned a level 6 spell: Conjure Ball Lightning
 19982 | D:12     | Found a staircase to the Orcish Mines.
 19997 | Orc:1    | Entered Level 1 of the Orcish Mines
 20142 | Orc:2    | Entered Level 2 of the Orcish Mines
 20145 | Orc:2    | Noticed Saint Roka
 20790 | Orc:2    | Noticed a balrug
 21032 | Orc:1    | Found a runed translucent gate.
 21032 | Orc:1    | Found a runed translucent gate.
 21032 | Orc:1    | Found a runed translucent gate.
 21036 | Orc:1    | Noticed Rachuaq's ghost (adept GnSk)
 21039 | Orc:1    | Found an opulent altar of Gozag.
 21042 | Orc:1    | Found Ifapsic's Assorted Antiques.
 21493 | Orc:2    | Reached ****** piety under Makhleb
 21503 | Orc:2    | Paralysed by an orc sorcerer for 7 turns
 21663 | Orc:2    | Killed Saint Roka
 21813 | Orc:2    | Paralysed by an orc sorcerer for 6 turns
 22349 | D:12     | Acquired 755 gold pieces
 23089 | Orc:2    | Found Usyzxim's Magic Scroll Boutique.
 23089 | Orc:2    | Found Ciss's Antique Armour Shop.
 23090 | Orc:2    | Found Lutebisu's Jewellery Shop.
 23094 | Orc:2    | Found Xuumi's General Store.
 23096 | Orc:2    | Bought a scroll of teleportation for 30 gold pieces
 23096 | Orc:2    | Bought a scroll of teleportation for 30 gold pieces
 23096 | Orc:2    | Bought a scroll of enchant weapon for 75 gold pieces
 23096 | Orc:2    | Bought a scroll of enchant armour for 75 gold pieces
 23096 | Orc:2    | Bought a scroll of teleportation for 30 gold pieces
 23098 | Orc:2    | Bought the ring of Woypnic {rElec rCorr Int+2} for 458 gold
                  | pieces
 23099 | Orc:2    | Bought a pair of glowing gloves for 165 gold pieces
 23104 | Orc:2    | Bought an embroidered robe for 81 gold pieces
 23423 | Orc:2    | Found a staircase to the Elven Halls.
 23915 | D:13     | Reached skill level 13 in Fighting
 24165 | D:14     | Noticed Nessos
 24165 | D:14     | Noticed Rupert
 24165 | D:14     | Noticed Urug
 24165 | D:14     | Found a gate to the Vaults.
 24291 | D:14     | Slain by Rupert

Illustrated notes

Levels and vault maps discovered:
D:1:      matt_arrival_grand_opening, layout_basic,
          ebering_ecumenical_altar_box, st_stairs_10
D:2:      layout_basic, uniq_robin
D:3:      layout_basic, grunt_temple_overflow_opulence,
          nicolae_elyvilon_peaceful_grove, gammafunk_temple_overflow_elements,
          uniq_grinder
D:4:      layout_cave_pools, hangedman_ru_absence, minmay_manual_mess
D:5:      layout_loops_ring, minmay_temple_entry_tees, serial_shops,
          kennysheep_mini
D:6:      kennysheep_housing_project, layout_basic, ashenzari_altar_1,
          gammafunk_ghost_grave
D:7:      layout_loops_corners, chequers_temple_overflow_minitemple,
          lemuel_zombie_altar_kikubaaqudgha
D:8:      kennysheep_town, serial_shops
D:9:      layout_roguey, lemuel_blue_sif_altar, uniq_harold
D:10:     layout_rooms, grunt_dithmenos_smoke_and_mirrors
D:11:     layout_grid_maze, erik_lair_island, nzn_wu_jian_contemplation
D:12:     layout_roguey, david_orc_4
D:13:     layout_rooms, doesnt_xom_only_xom
D:14:     gammafunk_dig_for_victory, layout_layer_cave, david_vaults_3,
          chequers_serial_rivers_marsh, gauntlet_entry_generic
Temple:   nicolae_temple_figure_zero
Lair:1:   layout_regular_city, wad_woods_river_01
Lair:2:   layout_cave_pods
Lair:3:   cheibrodos_magma_flow, layout_loops_ring, uniq_snorg
Lair:4:   layout_loops_ring, nicolae_swamp_entry_splash_gauntlet,
          nicolae_spider_entry_non_spiders, uniq_nergalle
Lair:5:   layout_regular_city, chequers_serial_rivers_small_a,
          grunt_megastairs_4, lemuel_fruit_tree
Lair:6:   grunt_lair_end_beastmaster, layout_regular_city, slime_altar_1,
          lemuel_fruit_fields, infiniplex_staircase_pool_2, uniq_josephine
Orc:1:    nicolae_orc_accident_1, layout_caves, ebering_ghost_gozag
Orc:2:    st_orc_mages, layout_diamond_mine, uniq_saint_roka, uniq_rupert

Skill      XL: |  1  2  3  4  5  6  7  8  9 10 11 12 13 14 15 |
---------------+----------------------------------------------+-----
Fighting       | 1 2 3 5 7 8 9 10 11 12 13 | 13.0
Dodging        | 3 4 6 7 8 9 10 11 12 | 12.9
Spellcasting   | 4 5 6 7 8 9 |  9.9
Shields        | 2 4 |  4.0
Invocations    | 3 5 6 7 9 |  9.8
Staves         | 2 4 5 6 8 |  8.8
Armour         | 2 4 6 7 |  7.7
Stealth        | |  1.5

Action                   |  1- 3 |  4- 6 |  7- 9 | 10-12 | 13-15 || total
-------------------------+-------+-------+-------+-------+-------++-------
Melee: Unarmed           |     2 |     7 |       |       |       ||     9
       Short sword       |       |    23 |   119 |       |       ||   142
       Trident           |       |       |    74 |   154 |    52 ||   280
       Lajatang          |       |       |       |   239 |   607 ||   846
Throw: Throwing net      |       |       |       |     1 |       ||     1
 Cast: Freeze            |    45 |    33 |    32 |     3 |     2 ||   115
       Frozen Ramparts   |     2 |    15 |    30 |    40 |    73 ||   160
       Ozocubu's Armour  |       |     3 |     4 |    11 |     9 ||    27
       Pain              |       |     4 |    55 |    28 |    23 ||   110
       Hailstorm         |       |     1 |     3 |     5 |    36 ||    45
       Blink             |       |     1 |       |     3 |    29 ||    33
       Call Canine Famil |       |       |     5 |    62 |    18 ||    85
       Inner Flame       |       |       |     3 |    46 |    15 ||    64
       Yara's Violent Un |       |       |       |       |    24 ||    24
       Animate Dead      |       |       |       |       |    20 ||    20
       Conjure Ball Ligh |       |       |       |       |    27 ||    27
Invok: Lesser Servant of |       |       |       |       |     4 ||     4
       Greater Servant o |       |       |       |       |     3 ||     3
Evoke: Wand              |       |       |       |       |    12 ||    12
  Use: Scroll            |       |     1 |     6 |    15 |    15 ||    37
       Potion            |       |     1 |     1 |     3 |     7 ||    12
 Stab: Sleeping          |       |     1 |     1 |     1 |       ||     3
       Distracted        |       |       |       |     2 |     2 ||     4
Armor: Robe              |     4 |    31 |    74 |    60 |       ||   169
       Acid dragon scale |       |       |       |    51 |   214 ||   265
Dodge: Dodged            |    14 |    57 |   166 |   445 |   767 ||  1449
Block: Buckler           |       |       |     7 |    52 |       ||    59

Table legend: (Time is in decaauts)
 A = Elapsed time spent in this place.
 B = Non-inter-level travel time spent in this place.
 C = Inter-level travel time spent in this place.
 D = Time resting spent in this place.
 E = Time spent auto-exploring this place.
 F = Levels seen in this place.
 G = Mean time per level.
                   A        B        C        D        E       F      G
               +--------+--------+--------+--------+--------+-----+--------+
         Total |  24558 |  23052 |   1506 |   3928 |  11017 |  23 | 1067.7 |
       Dungeon |  15236 |  14331 |    905 |   2414 |   6613 |  14 | 1088.3 |
        Temple |    127 |    117 |     10 |      0 |    112 |   1 |  127.0 |
          Lair |   6491 |   5948 |    543 |    559 |   3611 |   6 | 1081.8 |
  Orcish Mines |   2703 |   2656 |     47 |    955 |    681 |   2 | 1351.5 |
               +--------+--------+--------+--------+--------+-----+--------+

Top non-repeatable levels by time:
     D:8: 2990 daAuts
   Orc:1: 1825 daAuts
    D:11: 1369 daAuts
     D:7: 1369 daAuts
     D:1: 1356 daAuts
     D:6: 1222 daAuts
  Lair:4: 1202 daAuts
    D:12: 1159 daAuts
  Lair:2: 1149 daAuts
     D:2: 1072 daAuts
  Lair:1: 1066 daAuts
  Lair:3: 1065 daAuts
  Lair:5: 1057 daAuts
     D:3: 998 daAuts
     D:5: 968 daAuts
